 Dungeon Crawl Stone Soup version 0.21-a0-229-g3587535 (webtiles) character file.

1241 Musica the Conjurer (level 8, 0/46 HPs)
             Began as an Octopode Conjurer on Sept 1, 2017.
             Slain by Duvessa
             ... wielding a +0 short sword
              (15 damage)
             ... on level 6 of the Dungeon.
             The game lasted 00:22:11 (5970 turns).

Musica the Conjurer (Octopode Conjurer)             Turns: 5970, Time: 00:22:12

Health: 0/46       AC:  1    Str:  7    XL:     8   Next: 49%
Magic:  14/25      EV: 13    Int: 19    God:
Gold:   235        SH:  2    Dex: 13    Spells: 6/18 levels left

rFire    . . .     SeeInvis .   u - +5 short sword (elec)
rCold    . . .     Gourm    .   (no shield)
rNeg     . . .     Faith    .   (helmet restricted)
rPois    .         Spirit   .   p - +2 amulet of reflection
rElec    .         Reflect  +   (no ring)
rCorr    .         Harm     .   j - ring of wizardry
MR       +....                  s - ring of magical power
Stlth    +++.......             A - ring of protection from magic
HPRegen  0.15/turn              (no ring)
MPRegen  0.19/turn              (no ring)
                                (no ring)
                                (no ring)

@: hasted, very quick
A: almost no armour, stealthy swim, amphibious, 8 rings, constrict 8, camouflage
1, mutation resistance 1, gelatinous body 1
a: no special abilities


You were on level 6 of the Dungeon.
You were not hungry.

You visited 1 branch of the dungeon, and saw 7 of its levels.
You also visited: Sewer.

You collected 235 gold pieces.

Inventory:

Hand Weapons
 u - a +5 short sword of electrocution (weapon)
Missiles
 b - 6 javelins
 e - 65 bolts
 h - 16 arrows
 m - 71 sling bullets
 n - 5 tomahawks (quivered)
Magical Staves
 B - an uncursed staff of wizardry
Jewellery
 j - a ring of wizardry (right tentacle)
 k - an uncursed ring of protection from fire
 l - an uncursed ring of poison resistance
 o - an uncursed ring of ice
 p - a +2 amulet of reflection (around mantle)
 s - a ring of magical power (on tentacle)
 A - a ring of protection from magic (on tentacle)
Wands
 v - a wand of flame (29/48)
 C - a wand of flame (35/48)
Scrolls
 c - 2 scrolls of remove curse
 i - 4 scrolls of identify
 r - 5 scrolls of teleportation
 t - a scroll of enchant armour
 y - a scroll of recharging
Potions
 g - a potion of flight {unknown}
 q - a potion of might
 z - a potion of curing
Books
 a - a book of Conjurations

   Spells                             Type                      Level
   a - Magic Dart                     Conjuration                  1
   b - Searing Ray                    Conjuration                  2
   c - Dazzling Spray                 Conjuration/Hexes            3
   d - Fulminant Prism                Conjuration/Hexes            4
   e - Force Lance                    Conjuration/Translocation    4
   f - Iskenderun's Mystic Blast      Conjuration                  4
Comestibles
 d - 3 chunks of flesh
 x - 3 bread rations
 E - a meat ration


   Skills:
 + Level 2.0 Short Blades
 + Level 1.2 Throwing
 - Level 2.0 Dodging
 - Level 2.6 Stealth
 + Level 5.8 Spellcasting
 + Level 7.6 Conjurations
 + Level 1.4 Hexes
 * Level 2.6 Translocations


You had 6 spell levels left.
You knew the following spells:

 Your Spells              Type           Power        Failure   Level  Hunger
a - Magic Dart            Conj           ####         1%          1    None
b - Dazzling Spray        Conj/Hex       ###...       2%          3    ##.....
c - Iskenderun's Mystic   Conj           ####....     1%          4    ####...
d - Force Lance           Conj/Tloc      ####....     6%          4    ####...


Dungeon Overview and Level Annotations

Branches:
Dungeon (7/15)
 Temple: D:4-7

Altars:
Ashenzari
Dithmenos
Yredelemnul

Annotations:
D:5 Musica's ghost, novice GrFi
D:6 Duvessa


Innate Abilities, Weirdness & Mutations

You cannot wear most types of armour.
You are very stealthy in the water. (Stealth+)
You are amphibious.
You can wear up to eight rings at the same time.
You can use your tentacles to constrict eight enemies at once.
Your skin changes colour to match your surroundings (Stealth+).
Your rubbery body absorbs attacks. (AC +1, EV +1)
You are somewhat resistant to further mutation.


Message History

You barely miss Duvessa. You squeeze Duvessa.
Duvessa is heavily wounded.
You constrict Duvessa, but do no damage.
Duvessa barely misses you.
You release your grip on Duvessa.
Duvessa closely misses you.
Duvessa rages.
Duvessa barely misses you.
Casting: Dazzling Spray
Confirm with . or Enter, or press ? or * to list all spells.
Aiming: Dazzling Spray
Press: ? - help, Shift-Dir - straight line, f/p - Duvessa
Aim: Duvessa, wielding a short sword and wearing a ring mail (heavily wounded, berserk, fast, unusually strong)
The spray of energy hits Duvessa.
Duvessa is heavily wounded.
Duvessa hits you with a short sword!
* * * LOW HITPOINT WARNING * * *
Duvessa barely misses you.
You feel much better. Duvessa barely misses you.
You feel yourself speed up. Duvessa hits you with a short sword! x2
You die...

....... ........# #####
.........# #...# .........#
#...#
#.#...#.############...#####
.>..........................#
#..#......################...
#................... ........
#......)...e@....... ........
##...#.....#.................
#.# #.#...#.#######.#.......
#.#...#.# #.#..... #.#...#..
#....... #.#...#### ####...
#........+ ..... #####.####
##### ...#


You could see Duvessa (berserk).

Vanquished Creatures
  A phantom (D:5)
  6 big kobolds
  A scorpion (D:4)
  Dowan (D:6)
  2 howler monkeys
  A centaur zombie (D:5)
  2 hounds (D:5)
  An orc priest (D:5)
  An orc wizard (D:5)
  An iguana (D:4)
  5 worker ants
  3 adders
  A river rat (Sewer)
  7 oozes
  An adder skeleton (D:5)
  3 worms
  A dart slug (D:3)
  2 leopard geckos
  4 orcs
  6 bats
  10 giant cockroaches
  5 goblins
  6 hobgoblins
  8 jackals
  4 quokkas
  5 ball pythons
  2 frilled lizards
  32 kobolds
  16 rats
138 creatures vanquished.

Vanquished Creatures (others)
  A big kobold (Sewer)
1 creature vanquished.

Grand Total: 139 creatures vanquished

Notes
Turn   | Place    | Note
-------+----------+-------------------------------------------
     0 | D:1      | Musica the Octopode Conjurer began the quest for the Orb.
     0 | D:1      | Reached XP level 1. HP: 11/11 MP: 3/3
   287 | D:1      | Reached XP level 2. HP: 16/17 MP: 0/5
  1019 | D:2      | Reached XP level 3. HP: 16/21 MP: 0/6
  1218 | D:2      | Reached skill level 5 in Conjurations
  1250 | D:2      | Learned a level 3 spell: Dazzling Spray
  1267 | D:2      | Found a basalt altar of Yredelemnul.
  1460 | D:3      | Reached XP level 4. HP: 24/27 MP: 4/7
  1463 | D:3      | Found a glowing drain.
  1516 | Sewer    | Entered a sewer
  1581 | Sewer    | Noticed a big kobold
  1630 | Sewer    | Killed a big kobold
  1630 | Sewer    | Reached XP level 5. HP: 16/31 MP: 0/9
  1844 | Sewer    | Noticed a big kobold
  1875 | Sewer    | Reached skill level 6 in Conjurations
  1943 | Sewer    | Killed a big kobold
  1943 | Sewer    | Reached XP level 6. HP: 24/36 MP: 0/10
  2729 | Sewer    | Reached XP level 7. HP: 41/41 MP: 1/13
  2904 | Sewer    | Reached skill level 7 in Conjurations
  3480 | D:3      | Found a shadowy altar of Dithmenos.
  3954 | D:3      | Learned a level 4 spell: Iskenderun's Mystic Blast
  3959 | D:3      | Learned a level 4 spell: Force Lance
  4088 | D:5      | Entered Level 5 of the Dungeon
  4092 | D:5      | Reached skill level 1 in Throwing
  4132 | D:4      | Found a shattered altar of Ashenzari.
  4182 | D:4      | Reached skill level 1 in Translocations
  4274 | D:4      | Reached skill level 5 in Spellcasting
  4274 | D:4      | Reached skill level 1 in Hexes
  4517 | D:4      | Reached skill level 1 in Short Blades
  4762 | D:5      | You fall through a shaft!
  4848 | D:5      | Reached XP level 8. HP: 37/46 MP: 15/15
  4855 | D:5      | Gained mutation: You are somewhat resistant to further mutation. [potion of mutation]
  5312 | D:5      | Noticed Musica's ghost (novice GrFi)
  5885 | D:6      | Noticed Duvessa
  5887 | D:6      | Noticed Dowan
  5903 | D:6      | Killed Dowan
  5967 | D:6      | HP: 1/46 [Duvessa/short sword (8)]
  5970 | D:6      | Slain by Duvessa

Vault maps used:
D:1:      shiori_arrival_oz
D:2:      yredelemnul_altar_generic, serial_forest,
          infiniplex_forest_straight_2, infiniplex_forest_lined_room_2,
          infiniplex_forest_straight_4, infiniplex_forest_end_2,
          infiniplex_forest_end_2, infiniplex_forest_end_2,
          infiniplex_forest_clump_cross, infiniplex_forest_clump_diagonal,
          infiniplex_forest_pool
D:3:      overflow_temple_1_default, portal_sewer_entry_a
D:4:      nicolae_overflow_hidden_temple, cheibrodos_ashenzari_chains
D:5:      kennysheep_kobold_camp, first_bread
D:6:      cheibrodos_thug_alley, eino_small_chamber_without_monster,
          uniq_duvessa
D:7:      minmay_temple_entry_large_hall, serial_shops, shop_fountains,
          st_stairs_14, uniq_prince_ribbit1
Sewer:    sewer_co_tree

Skill      XL: |  1  2  3  4  5  6  7  8 |
---------------+-------------------------+-----
Conjurations   | 5 6 7 |  7.6
Spellcasting   | 3 4 5 |  5.8
Throwing       | 1 |  1.2
Translocations | 1 2 |  2.6
Hexes          | 1 |  1.4
Short Blades   | 1 2 |  2.0
Dodging        | |  2.0
Stealth        | |  2.6

Action                   |  1- 3 |  4- 6 |  7- 9 || total
-------------------------+-------+-------+-------++-------
Melee: Spear             |    46 |    42 |     1 ||    89
       Tentacles         |     7 |     4 |    12 ||    23
       Constrict         |     9 |     8 |    19 ||    36
       Short sword       |       |       |    70 ||    70
 Fire: Hand crossbow     |       |       |     5 ||     5
Throw: Tomahawk          |       |     9 |     5 ||    14
 Cast: Magic Dart        |    40 |    80 |    87 ||   207
       Dazzling Spray    |       |     2 |    19 ||    21
       Force Lance       |       |       |    10 ||    10
       Iskenderun's Myst |       |       |     5 ||     5
  Use: Scroll            |     4 |     1 |     9 ||    14
       Potion            |       |     2 |     9 ||    11
 Stab: Sleeping          |     4 |     2 |     8 ||    14
  Eat: Chunk             |     2 |     1 |    10 ||    13
       Fruit             |       |     3 |       ||     3
       Bread ration      |       |       |     1 ||     1
Armor: Skin              |       |     3 |     2 ||     5
Dodge: Dodged            |    32 |    26 |    53 ||   111
Block: Other             |     1 |     2 |     3 ||     6
       Reflection        |       |     1 |       ||     1

Table legend:
 A = Spawn XP
 B = Non-spawn XP
 C = Spawn XP percentage of total XP
 D = Spawn monster count
 E = Non-spawn monster count
 F = Spawn count percentage of total count
 G = Total turns spent on level
                    A         B        C        D         E        F      G
               +---------+---------+-------+---------+---------+-------+---------
         Total |     132 |    1642 |   7.4 |       9 |     130 |   6.5 |  5970
               +---------+---------+-------+---------+---------+-------+---------
           D:1 |       5 |      20 |  20.0 |       3 |       9 |  25.0 |   923
           D:2 |       0 |      56 |   0.0 |       0 |      19 |   0.0 |   812
           D:3 |       5 |     145 |   3.3 |       2 |      28 |   6.7 |   881
           D:4 |      74 |     192 |  27.8 |       2 |       7 |  22.2 |   587
           D:5 |      48 |     554 |   8.0 |       2 |      34 |   5.6 |  1044
           D:6 |       0 |      73 |   0.0 |       0 |       5 |   0.0 |   279
         Sewer |       0 |     602 |   0.0 |       0 |      28 |   0.0 |  1442
               +---------+---------+-------+---------+---------+-------+---------
